 Dungeon Crawl Stone Soup version 0.23-a0-636-g0ff6057 (console) character file.

186 bli the Magician (level 5, -8/39 HPs)
             Began as a Demigod Ice Elementalist on Dec 28, 2018.
             Killed by nerve-wracking pain
             ... invoked by Grinder
              (10 damage)
             ... on level 3 of the Dungeon.
             The game lasted 00:13:27 (3389 turns).

bli the Magician (Demigod Ice Elementalist)         Turns: 3389, Time: 00:13:28

Health: -8/39      AC:  3    Str: 11    XL:     5   Next: 15%
Magic:  7/13       EV: 13    Int: 21    God:
Gold:   119        SH:  0    Dex: 16    Spells: 5/11 levels left

rFire    . . .     SeeInvis .   a - +0 spear
rCold    . . .     Gourm    .   (no shield)
rNeg     . . .     Faith    .   h - +0 robe
rPois    .         Spirit   .   (no helmet)
rElec    .         Reflect  .   (no cloak)
rCorr    .         Harm     .   (no gloves)
MR       .....                  i - +0 pair of boots
Stlth    ++........             (no amulet)
HPRegen  0.13/turn              (no ring)
MPRegen  0.13/turn              (no ring)

@: no status effects
A: high mp 1
a: no special abilities


You were on level 3 of the Dungeon.
You were not hungry.

You visited 1 branch of the dungeon, and saw 3 of its levels.

You collected 119 gold pieces.

Inventory:

Hand Weapons
 a - a +0 spear (weapon)
 b - a +0 hand axe
 c - a +0 hunting sling
 r - a +0 falchion
 v - a +0 whip
 y - a +0 blowgun
Missiles
 d - 155 stones (quivered)
 e - 29 sling bullets
 m - 7 javelins
 A - 20 poisoned needles
Armour
 h - a +0 robe (worn)
 i - a +0 pair of boots (worn)
 p - a +0 leather armour
Wands
 s - a wand of digging (5)
Scrolls
 f - 2 scrolls of fog {unknown}
 g - 4 scrolls of identify {unknown}
 j - 2 scrolls of teleportation {unknown}
 o - a scroll of fear {unknown}
 t - a scroll of remove curse {unknown}
 z - a scroll of enchant armour {unknown}
 C - a scroll of magic mapping {unknown}
Potions
 k - 2 potions of flight {unknown}
 n - a potion of haste {unknown}
 q - a potion of degeneration {unknown}
 u - a potion of curing
 w - 2 potions of invisibility {unknown}
 x - 2 potions of lignification {unknown}
Comestibles
 l - 7 rations
 B - a chunk of flesh


   Skills:
 + Level 0.8 Fighting
 + Level 2.2 Dodging
 + Level 2.5 Stealth
 * Level 3.6 Spellcasting
 + Level 0.8 Conjurations
 + Level 3.4 Ice Magic


You had 5 spell levels left.
You knew the following spells:

 Your Spells              Type           Power        Failure   Level  Hunger
a - Freeze                Ice            ###.         3%          1    None
b - Throw Frost           Conj/Ice       ##....       8%          2    ##.....
O - Ozocubu's Armour      Chrm/Ice       ##......     19%         3    ###....

Your spell library contained the following spells:

 Spells                   Type           Power        Failure   Level  Hunger
 Throw Icicle             Conj/Ice       ##......     45%         4    ####...
 Summon Ice Beast         Ice/Summ       ##......     52%         4    ####...


Dungeon Overview and Level Annotations

Branches:
Dungeon (3/15)

Annotations:
D:3 Grinder


Innate Abilities, Weirdness & Mutations

You have an increased reservoir of magic. (+10% MP)


Message History

Okay, then.
Unknown command.
It was a potion of curing.
You feel better. Grinder gestures at you.
You suddenly lose the ability to move!
Grinder hits you!
* * * LOW HITPOINT WARNING * * *
You writhe in agony.
* * * LOW HITPOINT WARNING * * *
You can move again.
Grinder says, "My boss said I was rubbish.
His entrails said otherwise."
Grinder gestures at you. Pain shoots through your body!
* * * LOW HITPOINT WARNING * * *
Some of the chunks of flesh in your inventory have rotted away.
Found a +0 hand axe.
Grinder says, "Don't move a muscle."
Grinder gestures at you. Pain shoots through your body!
You die...

#... #.# +...# #.# ...# #.#
#.####.# #....#.# ### #....#.#
... #######....#.######### #>.
..).....5............. #.#
#######.####...#######
#.#######....@.........# #
#.......#.#####.####...#
##.#<#####.#.#...#.# #...# #
......#......#.#.#.######.#######
##.......÷.......................
####.#.##.#...#.#.######.#######
#.#..#.......#.# #.#
#.#.##.#..####.# #.#
#.#....#÷....#.######.#######
#.#....#.###.#.#......<...... ###
#........###.#.#.#######)....


You could see Grinder.

Vanquished Creatures
  A hound (D:3)
  4 gnolls
  4 adders
  An ooze (D:1)
  4 worms
  2 dart slugs
  3 leopard geckos
  An orc (D:3)
  2 giant cockroaches
  3 goblins
  4 hobgoblins
  4 jackals
  11 kobolds
  A quokka (D:3)
  A ball python (D:3)
  10 bats
  2 frilled lizards (D:3)
  9 rats
67 creatures vanquished.

Notes
Turn   | Place    | Note
-------+----------+-------------------------------------------
     0 | D:1      | bli the Demigod Ice Elementalist began the quest for the
                  | Orb.
     0 | D:1      | Reached XP level 1. HP: 14/14 MP: 5/5
   481 | D:1      | Reached XP level 2. HP: 16/20 MP: 3/7
  1289 | D:2      | Found a radiant altar of Vehumet.
  1320 | D:2      | Reached XP level 3. HP: 26/26 MP: 9/9
  1582 | D:2      | You fall through a shaft!
  1607 | D:3      | Found an iron altar of Okawaru.
  1771 | D:2      | Learned a level 3 spell: Ozocubu's Armour
  1833 | D:2      | Found a blossoming altar of Fedhas.
  2043 | D:2      | Reached XP level 4. HP: 15/34 MP: 6/11
  3064 | D:3      | Found a faded altar of an unknown god.
  3156 | D:3      | Reached XP level 5. HP: 26/39 MP: 11/13
  3172 | D:3      | Learned a level 2 spell: Throw Frost
  3201 | D:3      | Found a burning altar of Makhleb.
  3270 | D:3      | Noticed Grinder
  3371 | D:3      | Paralysed by Grinder for 2 turns
  3381 | D:3      | Paralysed by Grinder for 2 turns
  3384 | D:3      | HP: 1/39 [Grinder/nerve-wracking pain (3)]
  3389 | D:3      | Killed from afar by Grinder

Vault maps used:
D:1:      minmay_arrival_shoal_huts, serial_corexii_hall,
          corexii_hall_statues_deadend, corexii_hall_statues_s,
          chequers_hall_statues_corner_a
D:2:      marbit_many_paths, vehumet_crystals
D:3:      makhleb_heckhound_becter, first_ration,
          chequers_ecumenical_altar_twisty, okawaru_ov_weapons_minmay,
          uniq_grinder

Skill      XL: |  1  2  3 |
---------------+----------+-----
Spellcasting   | 2 3 |  3.6
Ice Magic      | 3 |  3.4
Dodging        | 2 |  2.2
Stealth        | 2 |  2.5
Fighting       | |  0.8
Conjurations   | |  0.8

Action                   |  1- 3 |  4- 6 || total
-------------------------+-------+-------++-------
Melee: Hand axe          |    36 |       ||    36
       Spear             |    54 |    54 ||   108
Throw: Stone             |     2 |     1 ||     3
 Cast: Freeze            |    39 |    55 ||    94
  Use: Potion            |       |     1 ||     1
 Stab: Sleeping          |     6 |     6 ||    12
  Eat: Chunk             |     4 |     4 ||     8
Armor: Robe              |    21 |     7 ||    28
Dodge: Dodged            |    72 |    67 ||   139

Table legend:
 A = Non-vault XP
 B = Vault XP
 C = Vault XP percentage of total XP
 D = Non-vault monster count
 E = Vault monster count
 F = Vault count percentage of total count
                 A         B        C        D         E       F
            +---------+---------+-------+---------+---------+-------
      Total |     223 |      44 |  16.5 |      65 |       2 |   3.0
            +---------+---------+-------+---------+---------+-------
        D:1 |      43 |       0 |   0.0 |      15 |       0 |   0.0
        D:2 |     115 |       4 |   3.4 |      29 |       1 |   3.3
        D:3 |      65 |      40 |  38.1 |      21 |       1 |   4.5
            +---------+---------+-------+---------+---------+-------
